 Dungeon Crawl Stone Soup version 0.17.0-28-g6e173f8 (webtiles) character file.

23 coffecat the Vexing (level 2, -2/23 HPs)
             Began as a Centaur Arcane Marksman on Nov 29, 2015.
             Was a Follower of Elyvilon.
             Killed by divine providence
             ... invoked by an orc priest
              (13 damage)
             ... on level 3 of the Dungeon.
             The game lasted 00:06:50 (782 turns).

coffecat the Vexing (Centaur Arcane Marksman)        Turns: 782, Time: 00:06:50

Health: -2/23      AC:  4    Str: 13    XL:     2   Next: 72%
Magic:  1/3        EV:  9    Int: 12    God:    Elyvilon [*.....]
Gold:   63         SH:  0    Dex:  8    Spells: 1 memorised, 2 levels left

rFire  . . .     SeeInvis .     a - +0 shortbow
rCold  . . .     Clarity  .     b - +0 robe
rNeg   . . .     SustAt   .     (shield currently unavailable)
rPois  .         Gourm    .     (no helmet)
rElec  .         Spirit   .     (no cloak)
rCorr  .         Warding  .     (no gloves)
rMut   .         Stasis   .     (no barding)
MR     .....                    (no amulet)
Stlth  +.........               (no ring)
                                (no ring)

@: very quick, not resistant to hostile enchantments, very unstealthy
A: hooves 3, deformed body, speed 2, tough skin 3
a: Lesser Healing, Divine Protection, Renounce Religion


You were on level 3 of the Dungeon.
You worshipped Elyvilon.
Elyvilon was aware of your devotion.
You were not hungry.

You visited 1 branch of the dungeon, and saw 3 of its levels.

You collected 63 gold pieces.

Inventory:

Hand Weapons
 a - a +0 shortbow (weapon)
Missiles
 d - 20 arrows (quivered)
Armour
 b - a +0 robe (worn)
Scrolls
 j - 2 scrolls of teleportation {unknown}
 m - a scroll of remove curse {unknown}
 n - 2 scrolls of identify {unknown}
Potions
 g - a potion of heal wounds {unknown}
 h - a potion of cure mutation {unknown}
 i - 2 potions of agility {unknown}
 l - a potion of ambrosia {unknown}
Books
 c - a book of Debilitation

   Spells                             Type                      Level
   a - Corona                         Hexes                        1
   b - Slow                           Hexes                        2
   c - Gell's Gravitas                Hexes/Translocation          3
   d - Inner Flame                    Hexes/Fire                   3
   e - Cause Fear                     Hexes                        4
   f - Leda's Liquefaction            Hexes/Earth                  4
Comestibles
 e - 2 bread rations
 f - a meat ration


   Skills:
 + Level 1.0 Fighting
 * Level 3.1 Bows
 * Level 1.6 Dodging
 * Level 1.1 Spellcasting
 + Level 3.2 Hexes


You had 2 spell levels left.
You knew the following spells:

 Your Spells              Type           Power        Failure   Level  Hunger
a - Corona                Hex            #......      10%         1    ##.....


Dungeon Overview and Level Annotations

Branches:
Dungeon (3/15)

Altars:
Elyvilon
Qazlal
Ru


Innate Abilities, Weirdness & Mutations

You have hooves in place of feet.
Armour fits poorly on your strangely shaped body.
You cover ground very quickly.
You have extremely tough skin (AC +3).


Message History

The orc is almost dead.
The orc hits you with a dagger.
* * * LOW HITPOINT WARNING * * *
You are healed.
You feel somewhat more hungry.
Firing (i - inventory):
d - 22 arrows (quivered)
Press: ? - help, Shift-Dir - straight line, f/p - orc
Aim: an orc, wielding a dagger and wearing a leather armour You shoot an arrow.
The arrow hits the orc but does no damage.
The orc hits you but does no damage.
Firing (i - inventory):
d - 21 arrows (quivered)
Press: ? - help, Shift-Dir - straight line, f/p - orc
Aim: an orc, wielding a dagger and wearing a leather armour You shoot an arrow.
The arrow hits the orc but does no damage.
The orc hits you with a dagger.
The orc priest invokes the aid of Beogh against you.
Something smites you!
Ouch! That really hurt!
You die...

..#.###..# ##.<#. ###
###......# #..# #..
#####..# #..# .o# #..#
#..# #.# #..# #..# #.#
########..# #..## #.#
..........# #...#
###.### #########.#
#..########(((..#
#.####
#@.ooo.(.(((###.##
####....####.#######..#
#... #............#
##.###.##
#.##.######### #.....##
# #<# ###..... #.#
###### #.# #.# #.#


You could see an orc priest and 2 orcs.

Vanquished Creatures
  3 worms (D:2)
  A giant gecko (D:2)
  An orc (D:3)
  2 bats
  A goblin (D:2)
  2 hobgoblins (D:2)
  A giant newt (D:3)
  A rat (D:3)
12 creatures vanquished.

Notes
Turn   | Place    | Note
--------------------------------------------------------------
     0 | D:1      | coffecat the Centaur Arcane Marksman began the quest for the Orb.
     0 | D:1      | Reached XP level 1. HP: 16/16 MP: 2/2
   192 | D:2      | Reached skill level 3 in Bows
   199 | D:2      | Found a stormy altar of Qazlal.
   202 | D:2      | Found a sacrificial altar of Ru.
   215 | D:2      | Reached XP level 2. HP: 23/23 MP: 1/3
   335 | D:2      | Found a faded altar to an unknown god.
   452 | D:2      | Became a worshipper of Elyvilon the Healer
   452 | D:2      | Reached * piety under Elyvilon
   782 | D:3      | Killed from afar by an orc priest

Action                   || total
-------------------------++-------
 Fire: Shortbow          ||    47
 Cast: Corona            ||     6
Invok: Lesser Healing    ||     2
